Map: Abyssal Reef LE

Players

Railgan

  • Race: Zerg Zerg
  • League: Grandmaster
  • Spawn Location: 5:00

Saay - Winner!

  • Race: Zerg Zerg
  • League: Master
  • Spawn Location: 11:00

VOD

Have the link to the VOD?

Description

Time

  • Played on: March 4, 2017, 6:50 p.m.
  • Length: 5:16
Show
View Real Time Build Order
Export as new Build Order

Railgan Zerg 

Build Orders: Hatch First 

Get SALT Encoding   

  12  0:01  Drone  
  13  0:13  Overlord  
  13  0:17  Drone  
  14  0:31  Drone x2  
  17  0:35  Drone  
  17  0:46  Drone  
  18  0:57  Hatchery  
  17  0:59  Drone  
  17  1:02  Extractor  
  17  1:14  Spawning Pool  
  17  1:17  Drone  
  17  1:19  Drone  
  18  1:29  Drone  
  19  1:45  Overlord  
  19  2:01  Queen  
  19  2:03  Zergling x2  
  19  2:04  Zergling x2  
  23  2:09  Zergling x2  
  23  2:13  Zergling x2  
  27  2:20  Zergling x2  
  26  2:29  Zergling x2  
  22  2:39  Drone  
  23  2:45  Drone  
  23  2:50  Hatchery  
  23  2:54  Drone  
  26  3:09  Drone  
  27  3:17  Hatchery  
  27  3:18  Drone x2  
  26  3:21  Drone  
  26  3:24  Drone  
  28  3:37  Drone  
  28  3:39  Evolution Chamber  
  28  3:45  Queen  
  30  3:48  Overlord  
  30  4:01  Drone x2  
  33  4:02  Drone  
  33  4:03  Drone  
  34  4:12  Drone  
  34  4:16  Drone x2  
  36  4:26  Drone x4  
  40  4:32  Overlord  
  40  4:40  Zergling x2  
  40  4:41  Evolution Chamber, Zergling x2  
  40  4:43  Zergling x2  
  42  4:52  Overlord  
  44  4:54  Zergling x2  
  44  4:57  Zergling x2  
  44  4:58  Zergling x2  
Show
View Real Time Build Order
Export as new Build Order

Saay Zerg - Winner!

Build Orders: Pool First 

Get SALT Encoding   

  12  0:17  Spawning Pool  
  11  0:22  Drone  
  11  0:27  Drone  
  13  0:31  Drone  
  14  0:40  Overlord  
  15  1:04  Zergling x4  
  15  1:05  Zergling x2, Queen  
  19  1:16  Zergling x2  
  20  1:33  Hatchery  
  20  1:37  Overlord  
  19  1:42  Drone  
  20  1:48  Drone  
  21  1:58  Queen  
  23  2:02  Drone  
  24  2:10  Drone  
  24  2:13  Drone  
  24  2:14  Drone  
  27  2:17  Drone  
  27  2:21  Drone  
  27  2:37  Queen  
  27  2:42  Extractor, Zergling x2  
  27  2:44  Queen  
  27  2:47  Zergling x2  
  27  2:49  Zergling x2  
  31  2:54  Zergling x2  
  31  2:57  Zergling x2  
  33  3:07  Zergling x4  
  35  3:12  Overlord  
  35  3:17  Overlord  
  35  3:28  Overlord  
  35  3:31  Zergling x6  
  38  3:39  Zergling x2  
  39  3:42  Zergling x4  
  39  3:43  Zergling x2  
  39  3:45  Zergling x2  
  43  3:52  Metabolic Boost  
  43  3:57  Zergling x2  
  43  3:58  Zergling x2  
  45  4:09  Zergling x2  
  46  4:10  Zergling x6  
  46  4:15  Zergling x4  
  51  4:22  Overlord  
  51  4:27  Zergling x2  
  51  4:28  Zergling x2  
  53  4:36  Zergling x8  
  57  4:43  Zergling x4  
  57  4:44  Zergling x2  
  60  4:47  Zergling x2  
  60  4:50  Zergling x2  
Tags
 
Add a new tag
Caveats
  • Supply blocks, unpowered buildings, or Contaminate may cause inaccurate times.
  • Supply counts are checked every 10 seconds.